 Dungeon Crawl Stone Soup version 0.31-a0-879-g1609e0ac53 (webtiles) character file.

Game seed: 2981276465137531586

143 gruber the Conjurer (level 4, -5/33 HPs)
             Began as a Demigod Conjurer on Oct 14, 2023.
             Slain by an orc
             ... wielding a +0 hand axe
              (6 damage)
             ... on level 3 of the Dungeon.
             The game lasted 00:03:07 (2739 turns).

gruber the Conjurer (Demigod Conjurer)              Turns: 2739, Time: 00:03:08

Health: -5/33      AC:  3    Str:  8    XL:     4   Next: 76%
Magic:  2/9        EV: 12    Int: 24    God:
Gold:   80         SH:  0    Dex: 12    Spells: 3/6 levels left

rFire   . . .        t - +1 dagger (venom)
rCold   . . .        (no shield)
rNeg    . . .        a - +0 robe
rPois   +            k - +0 helmet of the Gardener {rElec rPois}
rElec   +            (no cloak)
rCorr   .            (no gloves)
SInv    .            (no boots)
Will    .....        (no amulet)
Stlth   ++           c - ring of wizardry
HPRegen 0.25/turn    (no ring)
MPRegen 0.11/turn

%: wizardry (x1)
@: no status effects
A: high MP 1, forlorn, divine attributes
a: no special abilities


You were on level 3 of the Dungeon.
You visited 1 branch of the dungeon, and saw 3 of its levels.

You collected 80 gold pieces.

Inventory:

Hand Weapons
 g - a +0 rapier
 t - a +1 dagger of venom (weapon)
Missiles
 p - a throwing net
 r - 4 poisoned darts
Armour
 a - a +0 robe (worn)
 k - the +0 helmet of the Gardener (worn) {rElec rPois}
   (You took it off Robin on level 2 of the Dungeon)

   rElec:     It insulates you from electricity.
   rPois:     It protects you from poison
Jewellery
 c - a ring of wizardry (left hand)
Wands
 j - a wand of polymorph (11)
Scrolls
 d - a scroll of teleportation {unknown}
 e - a scroll of vulnerability {unknown}
 f - a scroll of immolation {unknown}
 h - a scroll of butterflies {unknown}
 i - 6 scrolls of identify {unknown}
 l - a scroll of fear {unknown}
 m - a scroll of enchant weapon {unknown}
 n - a scroll of brand weapon {unknown}
 s - a scroll of revelation {unknown}
 u - a scroll of poison {unknown}
Potions
 b - a potion of magic
 o - a potion of brilliance {unknown}
 q - a potion of heal wounds {unknown}


   Skills:
 - Level 1.7 Dodging
 - Level 1.7 Stealth
 - Level 1.7 Spellcasting
 + Level 5.8 Conjurations


You had 3 spell levels left.
You knew the following spells:

 Your Spells              Type           Power      Damage    Failure   Level
a - Magic Dart            Conj           100%       1d8       1%          1
b - Searing Ray           Conj           60%        2d6       1%          2

Your spell library contained the following spells:

 Spells                   Type           Power      Damage    Failure   Level
 Dazzling Flash           Conj/Hex       32%        N/A       4%          3
 Mephitic Cloud           Conj/Pois/Air  11%        N/A       7%          3
 Call Imp                 Summ           4%         N/A       8%          2
 Fulminant Prism          Conj/Hex       8%         3d7       16%         4
 Iskenderun's Mystic Bla  Conj/Tloc      16%        2d5       16%         4


Dungeon Overview and Level Annotations

Branches:
Dungeon (3/15)

Shops:
D:1 *


Innate Abilities, Weirdness & Mutations

You have an increased reservoir of magic. (+10% MP)
You shall have no god before yourself.
Your divine heritage dramatically boosts your attributes as you level up.


Message History

Casting: Magic Dart (safe; 1% risk of failure)
Confirm with . or Enter, or press ? or * to list all spells.
Aiming: Searing Ray (safe; 1% risk of failure)
Press: ? - help, Shift-Dir - straight line, f/p - orc wizard
Aim: an orc wizard, wielding a +0 dagger and wearing a +0 robe (heavily wounded, 74% to hit)
Okay, then.
Unknown command.
Casting: Searing Ray (safe; 1% risk of failure)
Confirm with . or Enter, or press ? or * to list all spells.
Aiming: Searing Ray (safe; 1% risk of failure)
Press: ? - help, Shift-Dir - straight line, f - orc, p - orc wizard
Aim: an orc, wielding a +2 mace of distortion, wearing a +0 chain mail and quivering boomerangs (85% to hit)
The searing ray hits the orc wizard!
You kill the orc wizard!
The searing ray hits the orc but does no damage. (Press . to maintain the ray.)
The orc throws a boomerang.
The boomerang hits you but does no damage.
Unknown command.
The searing ray hits the orc but does no damage.
The searing ray hits the orc.
The orc is lightly wounded.
The searing ray hits the orc.
The orc is almost dead.
You finish channelling your searing ray.
The orc hits you with a +2 mace of distortion.
Space warps horribly around you!
* * * LOW HITPOINT WARNING * * *
Unknown command.
Unknown command.
Casting: Searing Ray (safe; 1% risk of failure)
Confirm with . or Enter, or press ? or * to list all spells.
Aiming: Searing Ray (safe; 1% risk of failure)
Press: ? - help, Shift-Dir - straight line, f/p - orc
Aim: an orc, wielding a +2 mace of distortion, wearing a +0 chain mail and quivering boomerangs (almost dead, 85% to hit)
The searing ray hits the orc.
You kill the orc! (Press . to maintain the ray.)
The orc hits you with a +0 hand axe.
You die...

#################
#....oo.o....†o..
#.###############
##'### #.# #....#
#.######## #)...#
#.#.......
#)o..####.........
#@...+............
#....####.#.......
##....# #.####....
#.....####.####....
#.....'............
#.....#####........
#.....# #........
#.....# #.....###
#.....# #.....#..


You could see an orc.

Vanquished Creatures
  An orc wizard (D:3)
  Robin (D:2)
  4 adders
  2 worms (D:2)
  A dart slug (D:3)
  2 orcs (D:3)
  4 endoplasms
  2 giant cockroaches
  12 goblins
  A hobgoblin (D:2)
  8 jackals
  3 quokkas (D:1)
  5 ball pythons
  3 bats
  3 frilled lizards
  6 kobolds
  4 rats
62 creatures vanquished.

Notes
Turn   | Place    | Note
-------+----------+-------------------------------------------
     0 | D:1      | gruber the Demigod Conjurer began the quest for the Orb.
     0 | D:1      | Reached XP level 1. HP: 14/14 MP: 5/5
   249 | D:1      | Found Huasac's Assorted Antiques.
   281 | D:1      | Reached skill level 4 in Conjurations
   350 | D:1      | Reached XP level 2. HP: 20/20 MP: 0/7
   948 | D:1      | Learned a level 2 spell: Searing Ray
  1114 | D:1      | You fall into a shaft and drop 1 floor!
  1165 | D:2      | Reached XP level 3. HP: 26/26 MP: 1/8
  1506 | D:2      | Reached skill level 5 in Conjurations
  1574 | D:2      | Identified the +0 helmet of the Gardener {rElec rPois}
  1574 | D:2      | Noticed Robin
  1589 | D:2      | Killed Robin
  1849 | D:2      | Reached XP level 4. HP: 33/33 MP: 4/9
  2738 | D:3      | HP: 1/33 [orc/+2 mace of distortion (16)]
  2739 | D:3      | Slain by an orc

Illustrated notes

Levels and vault maps discovered:
D:1:      dpeg_arrival_round_b, layout_basic, serial_shops,
          nicolae_shop_just_a_little_nook, grunt_decor_cap
D:2:      layout_loops_ring, basic_ecumenical_altar, uniq_robin,
          uniq_crazy_yiuf_cottage
D:3:      layout_basic, gammafunk_ghost_cemetery

Skill      XL: |  1  2  3 |
---------------+----------+-----
Conjurations   | 4 5 |  5.8
Dodging        | |  1.7
Stealth        | |  1.7
Spellcasting   | |  1.7

Action                     |  1- 3 |  4- 6 || total
---------------------------+-------+-------++-------
  Melee: Rapier            |    30 |       ||    30
   Cast: Magic Dart        |    87 |    37 ||   124
         Searing Ray       |     2 |     2 ||     4
 Armour: Robe              |    28 |     8 ||    36
  Dodge: Dodged            |    29 |     3 ||    32

Table legend: (Time is in decaauts)
 A = Elapsed time spent in this place.
 B = Non-inter-level travel time spent in this place.
 C = Inter-level travel time spent in this place.
 D = Time resting spent in this place.
 E = Time spent auto-exploring this place.
 F = Levels seen in this place.
 G = Mean time per level.
                   A        B        C        D        E       F      G
               +--------+--------+--------+--------+--------+-----+--------+
         Total |   2743 |   2650 |     93 |      6 |   2286 |   3 |  914.3 |
       Dungeon |   2743 |   2650 |     93 |      6 |   2286 |   3 |  914.3 |
               +--------+--------+--------+--------+--------+-----+--------+

Top non-repeatable levels by time:
     D:2: 1263 daAuts
     D:1: 1116 daAuts
     D:3: 363 daAuts
